 Dungeon Crawl Stone Soup version 0.23.1 (webtiles) character file.

Game seed: 16241301301448473216

10 Borgoz the Sneak (level 2, -1/20 HPs)
             Began as a Ghoul Enchanter on Mar 14, 2019.
             Slain by a gnoll (7 damage)
             ... on level 1 of the Dungeon.
             The game lasted 00:00:59 (365 turns).

Borgoz the Sneak (Ghoul Enchanter)                   Turns: 365, Time: 00:00:59

Health: -1/20      AC:  2    Str: 11    XL:     2   Next: 20%
Magic:  0/3        EV: 12    Int: 10    God:
Gold:   22         SH:  0    Dex:  9    Spells: 3/4 levels left

rFire    . . .     SeeInvis .   f - +0 short sword
rCold    + . .     Gourm    .   (no shield)
rNeg     + + +     Faith    .   b - +0 robe
rPois    ∞         Spirit   .   (no helmet)
rElec    .         Reflect  .   (no cloak)
rCorr    .         Harm     .   (no gloves)
MR       .....                  (no boots)
Stlth    ++........             g - amulet of regeneration
HPRegen  0.00/turn              (no ring)
MPRegen  0.08/turn              (no ring)

@: very slightly contaminated, rotting
A: rotting body, claws 1, carnivore, cold resistance 1, negative energy
resistance 3, inhibited regeneration, torment resistance, unbreathing
a: no special abilities


You were on level 1 of the Dungeon.
You were not hungry.

You visited 1 branch of the dungeon, and saw 1 of its levels.

You collected 22 gold pieces.

Inventory:

Hand Weapons
 f - a +0 short sword (weapon)
Armour
 b - a +0 robe (worn)
Jewellery
 g - an amulet of regeneration (around neck)
Scrolls
 c - a scroll of identify {unknown}
 e - a scroll of magic mapping {unknown}
 h - a scroll of teleportation {unknown}
Potions
 a - a potion of agility {unknown}
Comestibles
 d - a ration


   Skills:
 + Level 0.8 Short Blades
 + Level 1.9 Dodging
 + Level 3.6 Stealth
 + Level 1.8 Spellcasting
 + Level 2.6 Hexes


You had 3 spell levels left.
You knew the following spells:

 Your Spells              Type           Power        Failure   Level  Hunger
a - Corona                Hex            #......      11%         1    ##.....

Your spell library contained the following spells:

 Spells                   Type           Power        Failure   Level  Hunger
 Ensorcelled Hibernation  Hex/Ice        #.....       28%         2    ###....
 Confuse                  Hex            #.......     32%         3    ####...
 Tukima's Dance           Hex            #.......     32%         3    ####...
 Dazzling Spray           Conj/Hex       #.....       50%         3    ####...


Dungeon Overview and Level Annotations

Branches:
Dungeon (1/15)

Altars:


Innate Abilities, Weirdness & Mutations

Your body is rotting away.
You thrive on raw meat.
You are immune to poison.
You have sharp fingernails.
You are carnivorous and can eat meat at any time.
Your flesh is cold resistant. (rC+)
You are immune to negative energy. (rN+++)
You do not regenerate when monsters are visible.
You are immune to unholy pain and torment.
You can survive without breathing.


Message History

Press: ? - help, Shift-Dir - straight line, f/p - gnoll
Aim: a gnoll (moderately wounded, chance to defeat MR: 50%)
The gnoll is outlined in light.
The gnoll closely misses you.
Casting: Corona (safe; 11% risk of failure)
Confirm with . or Enter, or press ? or * to list all spells.
Aiming: Corona (safe; 11% risk of failure)
Press: ? - help, Shift-Dir - straight line, f/p - gnoll
Aim: a gnoll (moderately wounded, softly glowing, chance to defeat MR: 50%)
The gnoll glows brighter.
The gnoll closely misses you.
You hit the gnoll but do no damage.
The gnoll is moderately wounded.
The gnoll hits you but does no damage.
You hit the gnoll but do no damage.
The gnoll is moderately wounded.
The gnoll hits you.
* * * LOW HITPOINT WARNING * * *
Okay, then.
h - a scroll labeled CIGOFR MUTOLE The gnoll hits you!
You die...

##..# #.#.#
#.###.#### ....#
#.#.# #.#.......
##.## #.#.#
#.#...?.### ##.#
#.#.# #.........
.#.# #.#.# #.......#
#..# #.#.###......#
##.#####....##.....#
#....)(..#........#
#.######...##.#@###
#.## ######.#g# .#
#.#.# . #.#.# #....
....# #####


You could see a gnoll.

Vanquished Creatures
  A dart slug (D:1)
  3 goblins (D:1)
  2 kobolds (D:1)
  A frilled lizard (D:1)
  A rat (D:1)
8 creatures vanquished.

Notes
Turn   | Place    | Note
-------+----------+-------------------------------------------
     0 | D:1      | Borgoz the Ghoul Enchanter began the quest for the Orb.
     0 | D:1      | Reached XP level 1. HP: 14/14 MP: 2/2
   160 | D:1      | Reached XP level 2. HP: 14/20 MP: 3/3
   365 | D:1      | Slain by a gnoll

Action                   || total
-------------------------++-------
Melee: Dagger            ||    27
       Short sword       ||     3
 Cast: Corona            ||     5
  Use: Potion            ||     2
 Stab: Sleeping          ||     2
Armor: Robe              ||     3
Dodge: Dodged            ||    18
